 Dungeon Crawl Stone Soup version 0.31-a0-16-g6d2539766c (webtiles) character file.

Game seed: 2126005929305634841

5324 dracfodder the Geomancer (level 10, -2/53 HPs)
             Began as a Gargoyle Earth Elementalist on May 8, 2023.
             Was an Elder of Sif Muna.
             Slain by an eight-headed hydra (9 damage)
             ... on level 9 of the Dungeon on May 9, 2023.
             The game lasted 00:58:36 (11150 turns).

dracfodder the Geomancer (GrEE)                    Turns: 11150, Time: 00:58:37

Health: -2/53      AC: 17    Str: 11    XL:     10   Next: 64%
Magic:  4/19       EV: 11    Int: 21    God:    Sif Muna [****..]
Gold:   416        SH:  0    Dex: 10    Spells: 9/25 levels left

rFire   + . .        u - +0 sling
rCold   . . .        (no shield)
rNeg    + . .        j - +1 leather armour {rF+}
rPois   ∞            i - +2 helmet
rElec   +            (no cloak)
rCorr   +            v - +1 pair of gloves
SInv    .            G - +0 pair of boots
Will    .....        (no amulet)
Stlth   ++           o - ring of resist corrosion
HPRegen 0.28/turn    (no ring)
MPRegen 0.16/turn

%: clarity
@: no status effects
A: sickness immunity, AC +7, negative energy resistance 1, electricity
resistance, torment resistance 1, petrification resistance, claws 1, clarity,
low MP 1, sense surroundings 1, noise suppression
a: Renounce Religion, Channel Magic, Forget Spell, Divine Exegesis


You were on level 9 of the Dungeon.
You worshipped Sif Muna.
Sif Muna was greatly pleased with you.
You visited 2 branches of the dungeon, and saw 10 of its levels.
You also visited: Sewer and Ossuary.

You collected 430 gold pieces.
You spent 14 gold pieces at shops.

Inventory:

Hand Weapons
 b - a +2 hand axe of flaming
 t - a +1 whip of pain
 u - a +0 sling (weapon)
Missiles
 c - 6 boomerangs
 x - 3 throwing nets
Armour
 i - a +2 helmet (worn)
 j - a +1 leather armour of fire resistance (worn)
 l - a +0 robe
 v - a +1 pair of gloves (worn)
 G - a +0 pair of boots (worn)
Magical Staves
 a - a staff of conjuration
Jewellery
 o - a ring of resist corrosion (left hand)
 H - an amulet of the acrobat
Wands
 B - a wand of roots (8)
Scrolls
 d - 5 scrolls of teleportation
 n - a scroll of fear
 p - 2 scrolls of magic mapping
 w - 2 scrolls of blinking
 y - 4 scrolls of identify
 z - a scroll of fog
 A - a scroll of butterflies
 E - 2 scrolls of amnesia {unknown}
 F - a scroll of brand weapon {unknown}
 K - a scroll of enchant weapon
Potions
 e - a potion of magic
 f - a potion of brilliance
 g - 5 potions of lignification
 h - 2 potions of flight
 k - a potion of haste {unknown}
 m - 2 potions of might {unknown}
 r - 3 potions of curing
 s - a potion of cancellation {unknown}
 C - a potion of resistance {unknown}
 D - a potion of invisibility {unknown}
 I - a potion of ambrosia {unknown}
 J - 2 potions of attraction {unknown}


   Skills:
 + Level 2.1 Fighting
 + Level 2.3 Axes
 + Level 1.6 Throwing
 + Level 2.9 Armour
 + Level 2.3 Dodging
 + Level 3.4 Stealth
 + Level 8.0 Spellcasting
 + Level 6.8 Conjurations
 + Level 0.7 Transmutations
 * Level 1.2 Fire Magic
 + Level 10.7 Earth Magic
 + Level 3.5 Evocations


You had 9 spell levels left.
You knew the following spells:

 Your Spells              Type           Power      Damage    Failure   Level
a - Sandblast             Erth           100%       2d20      1%          1
b - Passwall              Tmut/Erth      26%        N/A       1%          2
c - Stone Arrow           Conj/Erth      90%        3d12      1%          3
d - Flame Wave            Conj/Fire      25%        2d8       19%         4
e - Iron Shot             Conj/Erth      22%        9d5       38%         6

Your spell library contained the following spells:

 Spells                   Type           Power      Damage    Failure   Level
 Momentum Strike          Conj/Tloc      44%        3d9       3%          2
 Apportation              Tloc           16%        N/A       10%         1
 Necrotise                Necr           32%        1d5       10%         1
 Summon Small Mammal      Summ           32%        N/A       10%         1
 Petrify                  Tmut/Erth      32%        N/A       10%         4
 Blink                    Tloc           16%        N/A       16%         2
 Lesser Beckoning         Tloc           16%        N/A       16%         2
 Iskenderun's Battlesphe  Conj           37%        2d9       17%         5
 Sticky Flame             Conj/Fire      25%        2d5       19%         4
 Inner Flame              Hex/Fire       11%        N/A       24%         3
 Fireball                 Conj/Fire      12%        3d7       47%         5
 Irradiate                Conj/Tmut      12%        3d15      52%         5
 Manifold Assault         Tloc           8%         N/A       69%         4
 Conjure Ball Lightning   Conj/Air       11%        3x3d6     98%         6
 Orb of Destruction       Conj           18%        9d8       99%         7
 Spellforged Servitor     Conj/Summ      11%        N/A       100%        7
 Storm Form               Tmut/Air       4%         N/A       100%        7
 Sublimation of Blood     Necr           Unusable   N/A       N/A         2

Dungeon Overview and Level Annotations

Branches:
Dungeon (9/15)             Temple (1/1) D:4           Sewer (visited)
Ossuary (visited)
   Lair: D:8-11         Orc: D:9-12

Altars:
Ashenzari
Cheibriados
Dithmenos
Elyvilon
Fedhas
Gozag
Hepliaklqana
Kikubaaqudgha
Makhleb
Nemelex Xobeh
Okawaru
Qazlal
Ru
Sif Muna
Trog
Uskayaw
Vehumet
Wu Jian
Xom
Yredelemnul
Zin
The Shining One

Shops:
D:1 *   D:4 [   D:5 (   D:7 *


Innate Abilities, Weirdness & Mutations

You are immune to sickness and miasma.
Your stone body is resilient. (AC +7)
You are immune to poison.
You resist negative energy. (rN+)
You are resistant to electric shocks. (rElec)
You are resistant to unholy torment.
You are immune to petrification.
You have sharp fingernails.
You possess an exceptional clarity of mind.
Your magical capacity is low. (-10% MP)
You passively map a small area around you.
You passively dampen the noise of your surroundings.


Message History

The kobold brigand shouts!
The eight-headed hydra roars!
The kobold brigand hits you with a +0 whip!
Aiming: Stone Arrow (safe; 1% risk of failure)
Press: ? - help, Q - select action, (/) - cycle Shift-Dir - straight line, f/p - kobold brigand
Aim: a kobold brigand, wielding a +0 whip and quivering poisoned darts (severely wounded, 70% to hit)
The stone arrow hits the kobold brigand!!
You kill the kobold brigand!
Sif Muna accepts your kill.
Aiming: Stone Arrow (safe; 1% risk of failure)
Press: ? - help, Q - select action, (/) - cycle Shift-Dir - straight line, f - eight-headed hydra
Aim: an eight-headed hydra (92% to hit)
The stone arrow hits the eight-headed hydra!!
The eight-headed hydra is moderately wounded.
The eight-headed hydra bites you but does no damage.
The eight-headed hydra bites you.
The eight-headed hydra closely misses you.
The eight-headed hydra bites you.
The eight-headed hydra bites you but does no damage. x2
The eight-headed hydra bites you. x2
Aiming: Stone Arrow (safe; 1% risk of failure)
Press: ? - help, Q - select action, (/) - cycle Shift-Dir - straight line, f/p - eight-headed hydra
Aim: an eight-headed hydra (moderately wounded, 92% to hit)
The stone arrow hits the eight-headed hydra!!
The eight-headed hydra is severely wounded.
The eight-headed hydra bites you but does no damage.
The eight-headed hydra bites you.
The eight-headed hydra completely misses you.
The eight-headed hydra bites you. x3; The eight-headed hydra misses you.
The eight-headed hydra barely misses you.
Aiming: Stone Arrow (safe; 1% risk of failure)
Press: ? - help, Q - select action, (/) - cycle Shift-Dir - straight line, f/p - eight-headed hydra
Aim: an eight-headed hydra (severely wounded, 92% to hit)
The stone arrow hits the eight-headed hydra!
The eight-headed hydra is almost dead.
The eight-headed hydra bites you but does no damage. x2
The eight-headed hydra bites you. The eight-headed hydra bites you!
* * * LOW HITPOINT WARNING * * *
The eight-headed hydra misses you. The eight-headed hydra bites you!
You die...

~#..####...............)).).#
# ##...#
#..########.########.# #
#..## ####♣....♣♣.♣♣♣...♣#.#
# #..# , #.≈≈≈....♣♣P.♣.♣#.#
# #..# #.~~.♣)♣.♣P≈~≈..#.# #
##..# #♣♣..♣.♣..)...P♣#.# #
)...#* * ,*
♣♣♣♣♣♣.♣♣♣♣♣♣♣#.##### )...# ,
#####♣.♣##### #...... ##..# ,
* ♣...@♣.♣....♣♣#...... #..#
♣...D♣.♣.♣....♣#...... #..# *
.......♣♣♣♣♣)....#...... #..#
* ##♣....♣.♣.♣....♣#......
#..# , ♣♣...,♣.♣)...♣♣#......
#..# * #####♣.♣##### #......
#..#, +* ,,♣.......♣,,
#...... #..# , * ♣.♣.♣.♣.♣,
#...... #..#,* *, , ♣ ♣.♣.♣.♣
#.....≈


You could see an eight-headed hydra.

Vanquished Creatures
  A two-headed ogre (D:9)
  Pikel (D:8)
  A kobold demonologist (D:9)
  A troll (D:9)
  A yak (D:9)
  3 water moccasins
  Duvessa (D:6)
  An ogre (D:6)
  3 orc warriors
  A black bear (D:3)
  A centaur (D:8)
  4 kobold brigands
  3 bullfrogs
  An elf zombie (Ossuary)
  2 gnoll sergeants (D:9)
  5 scorpions
  Dowan (D:6)
  A killer bee (D:9)
  An electric eel (D:6)
  2 howler monkeys (D:8)
  3 centaur zombies (Ossuary)
  4 hounds
  A gnoll bouda (D:7)
  10 orc priests
  A human zombie (Ossuary)
  2 jellies
  5 iguanas
  Natasha (thrice) (D:2)
  11 orc wizards
  3 hound zombies (Ossuary)
  4 mummies
  A river rat (Sewer)
  7 adders
  17 gnolls
  A shadow imp (D:7)
  A white imp (D:5)
  2 ufetubi
  4 worms
  34 orcs
  10 endoplasms
  5 giant cockroaches
  A gnoll zombie (Ossuary)
  4 goblins
  6 hobgoblins
  4 quokkas
  7 ball pythons
  2 bats
  3 frilled lizards
  5 goblin zombies (Ossuary)
  2 hobgoblin zombies (Ossuary)
  5 jackal zombies (Ossuary)
  17 kobolds
  5 kobold zombies (Ossuary)
  5 quokka zombies (Ossuary)
  7 rats
  A rat zombie (Ossuary)
238 creatures vanquished.

Notes
Turn   | Place    | Note
-------+----------+-------------------------------------------
     0 | D:1      | dracfodder the Gargoyle Earth Elementalist began the quest
                  | for the Orb.
     0 | D:1      | Reached XP level 1. HP: 10/10 MP: 3/3
   302 | D:1      | Reached XP level 2. HP: 15/15 MP: 3/5
   305 | D:1      | Learned a level 2 spell: Passwall
   334 | D:1      | Reached skill level 4 in Earth Magic
   462 | D:1      | Found Buucsir's General Store.
   498 | D:1      | Bought a potion of degeneration for 14 gold pieces
  1017 | D:2      | Noticed Natasha
  1019 | D:2      | Killed Natasha
  1020 | D:2      | Reached XP level 3. HP: 12/19 MP: 4/7
  1084 | D:2      | Learned a level 3 spell: Stone Arrow
  1159 | D:2      | Reached XP level 4. HP: 24/24 MP: 5/8
  1203 | D:2      | Found a blossoming altar of Fedhas.
  1248 | D:2      | Noticed Natasha
  1250 | D:2      | Killed Natasha
  1251 | D:2      | Reached skill level 5 in Earth Magic
  1658 | D:2      | Noticed Natasha
  1660 | D:2      | Killed Natasha
  1661 | D:2      | Reached skill level 1 in Conjurations
  1661 | D:2      | Reached XP level 5. HP: 28/28 MP: 4/9
  2328 | D:4      | Noticed a black bear
  2334 | D:3      | Killed a black bear
  2335 | D:3      | Reached skill level 1 in Axes
  2335 | D:3      | Reached XP level 6. HP: 30/32 MP: 7/11
  2383 | D:4      | Gained mutation: You passively dampen the noise of your
                  | surroundings. [potion of mutation]
  2383 | D:4      | Gained mutation: You have hidden genetic potential. [potion
                  | of mutation]
  2395 | D:4      | Found Iseokuad's Antique Armour Shop.
  2485 | D:4      | Found a sand-covered staircase.
  2498 | Ossuary  | Entered an ossuary
  2590 | Ossuary  | Reached XP level 7. HP: 37/37 MP: 8/13
  2712 | Ossuary  | Reached skill level 6 in Earth Magic
  2796 | Ossuary  | Gained mutation: Your muscles are strong. (Str +4, Int/Dex
                  | -1) [hidden potential]
  3018 | Ossuary  | Reached skill level 1 in Fighting
  4089 | D:4      | Found a staircase to the Ecumenical Temple.
  4358 | Temple   | Entered the Ecumenical Temple
  4669 | Temple   | Became a worshipper of Sif Muna the Loreminder
  4753 | D:5      | Entered Level 5 of the Dungeon
  4756 | D:5      | Found Wizuv's Antique Weapon Shoppe.
  4927 | D:5      | Reached XP level 8. HP: 41/44 MP: 4/14
  5264 | D:5      | Gained mutation: Your flesh is cold resistant. (rC+)
                  | [hidden potential]
  5264 | D:5      | Lost mutation: You have hidden genetic potential. [hidden
                  | potential expressed]
  5265 | D:5      | Lost mutation: Your flesh is cold resistant. (rC+) [potion
                  | of mutation]
  5265 | D:5      | Lost mutation: Your muscles are strong. (Str +4, Int/Dex
                  | -1) [potion of mutation]
  5265 | D:5      | Gained mutation: Your magical capacity is low. (-10% MP)
                  | [potion of mutation]
  5265 | D:5      | Gained mutation: You passively map a small area around you.
                  | [potion of mutation]
  5265 | D:5      | Gained mutation: You possess an exceptional clarity of
                  | mind. [potion of mutation]
  5265 | D:5      | Gained mutation: You have sharp fingernails. [potion of
                  | mutation]
  5321 | D:5      | Reached skill level 1 in Throwing
  5440 | D:5      | Reached skill level 7 in Earth Magic
  5526 | D:5      | Reached * piety under Sif Muna
  5681 | D:5      | Reached skill level 5 in Spellcasting
  6109 | D:5      | Reached skill level 8 in Earth Magic
  6503 | D:6      | Reached skill level 5 in Conjurations
  6532 | D:6      | Found a glowing drain.
  6538 | Sewer    | Entered a sewer
  6718 | Sewer    | Reached ** piety under Sif Muna
  6899 | Sewer    | Reached XP level 9. HP: 48/48 MP: 8/15
  7220 | D:6      | Noticed Duvessa
  7220 | D:6      | Noticed Dowan
  7222 | D:6      | Killed Dowan
  7225 | D:6      | Killed Duvessa
  7387 | D:6      | Reached skill level 1 in Armour
  7387 | D:6      | Reached skill level 1 in Evocations
  7777 | D:6      | Found a burning altar of Makhleb.
  7777 | D:6      | Found a blossoming altar of Fedhas.
  8606 | D:7      | Found Foneic's General Store.
  9132 | D:8      | Noticed Pikel
  9139 | D:8      | Killed Pikel
  9140 | D:8      | Reached skill level 9 in Earth Magic
  9529 | D:8      | Reached XP level 10. HP: 53/53 MP: 11/18
  9664 | D:8      | Reached *** piety under Sif Muna
 10013 | D:9      | Reached skill level 10 in Earth Magic
 10039 | D:9      | Noticed a two-headed ogre
 10042 | D:9      | Killed a two-headed ogre
 10361 | D:9      | Learned a level 4 spell: Flame Wave
 10368 | D:9      | Learned a level 6 spell: Iron Shot
 10413 | D:9      | Noticed a kobold demonologist
 10421 | D:9      | Killed a kobold demonologist
 10817 | D:9      | Reached skill level 1 in Fire Magic
 11000 | D:9      | Reached **** piety under Sif Muna
 11145 | D:9      | Noticed an eight-headed hydra
 11150 | D:9      | Slain by an eight-headed hydra

Illustrated notes

Levels and vault maps discovered:
D:1:      dpeg_arrival_solitude, layout_loops_ring, serial_shops, shop
D:2:      layout_loops_ring, basic_altar, minmay_tromino_v4_a, uniq_natasha
D:3:      layout_rooms, chequers_serial_rivers_micro_c, grunt_ministairs_6
D:4:      layout_gridville, minmay_temple_entry_nine_rooms,
          gup_ossuary_entry_pyramid, serial_shops,
          nicolae_shop_getting_attention, serial_forest,
          infiniplex_forest_lined_4_way, infiniplex_forest_straight_2,
          infiniplex_forest_end_3, infiniplex_forest_straight_2,
          infiniplex_forest_straight_2, infiniplex_forest_clump_double,
          infiniplex_forest_corner_2, infiniplex_forest_lined_ring,
          grunt_ministairs_13
D:5:      layout_gridville, serial_shops, nicolae_shop_hallway_stairs,
          minivault_14, chequers_arboretum
D:6:      layout_cave_pools, nicolae_overflow_two_pavilions,
          gup_sewer_entry_bubbles, uniq_duvessa
D:7:      layout_rooms, serial_shops, shop
D:8:      layout_basic, hex_large, uniq_pikel
D:9:      nzn_winding_woodlands_three_and_one
          [nzn_winding_woodlands_5x15_sidewinder,
          nzn_winding_woodlands_5x15_parted,
          nzn_winding_woodlands_5x15_pathside_ponds,
          nzn_winding_woodlands_center_lodge], layout_long_grid, serial_rivers,
          chequers_serial_rivers_micro_e, chequers_serial_rivers_micro_d,
          chequers_serial_rivers_small_3, chequers_serial_rivers_micro_a
Temple:   mainiacjoe_temple_cubbyholes

Skill      XL: |  1  2  3  4  5  6  7  8  9 10 |
---------------+-------------------------------+-----
Earth Magic    | 4 5 6 8 9 10 | 10.7
Spellcasting   | 3 4 5 7 8 |  8.0
Conjurations   | 1 2 4 5 6 |  6.8
Axes           | 1 2 |  2.3
Dodging        | 2 |  2.3
Fighting       | 1 2 |  2.1
Throwing       | 1 |  1.6
Armour         | 2 |  2.9
Evocations     | 2 3 |  3.5
Stealth        | 3 |  3.4
Fire Magic     | 1 |  1.2
Transmutations | |  0.7

Action                     |  1- 3 |  4- 6 |  7- 9 | 10-12 || total
---------------------------+-------+-------+-------+-------++-------
  Melee: Whip              |     4 |     2 |       |       ||     6
         Hand axe          |       |    15 |    56 |       ||    71
         Punch             |       |       |     2 |       ||     2
         Staff             |       |       |     1 |     2 ||     3
   Fire: Sling             |       |       |       |    13 ||    13
  Throw: Boomerang         |       |     5 |    10 |       ||    15
   Cast: Sandblast         |    36 |    41 |    72 |    23 ||   172
         Stone Arrow       |     1 |     2 |   133 |    51 ||   187
         Flame Wave        |       |       |       |     1 ||     1
  Evoke: Wand              |       |     4 |       |       ||     4
    Use: Scroll            |     2 |     8 |     9 |       ||    19
         Potion            |       |     1 |     1 |     2 ||     4
   Stab: Sleeping          |       |     1 |       |       ||     1
 Armour: Robe              |     3 |    21 |    66 |       ||    90
         Leather armour    |       |       |    12 |    20 ||    32
  Dodge: Dodged            |     4 |    33 |    74 |    22 ||   133

Table legend: (Time is in decaauts)
 A = Elapsed time spent in this place.
 B = Non-inter-level travel time spent in this place.
 C = Inter-level travel time spent in this place.
 D = Time resting spent in this place.
 E = Time spent auto-exploring this place.
 F = Levels seen in this place.
 G = Mean time per level.
                   A        B        C        D        E       F      G
               +--------+--------+--------+--------+--------+-----+--------+
         Total |  11351 |  10954 |    397 |   2530 |   6847 |  12 |  945.9 |
       Dungeon |   9289 |   8954 |    335 |   2228 |   5437 |   9 | 1032.1 |
        Temple |    353 |    291 |     62 |      0 |    288 |   1 |  353.0 |
         Sewer |    711 |    711 |      0 |    151 |    441 |   1 |  711.0 |
       Ossuary |    996 |    996 |      0 |    151 |    681 |   1 |  996.0 |
               +--------+--------+--------+--------+--------+-----+--------+

Top non-repeatable levels by time:
     D:5: 1743 daAuts
     D:9: 1384 daAuts
     D:4: 1071 daAuts
 Ossuary: 996 daAuts
     D:6: 979 daAuts
     D:7: 913 daAuts
     D:1: 913 daAuts
     D:2: 828 daAuts
     D:8: 793 daAuts
   Sewer: 711 daAuts
     D:3: 662 daAuts
  Temple: 353 daAuts
